 Dungeon Crawl Stone Soup version 0.28-a0-834-g1a73be5ee4 (webtiles) character file.

Game seed: 8813867872504187214

9499 BinkBink the Basher (level 11, 0/95 HPs)
             Began as a Minotaur Fighter on Nov 11, 2021.
             Was an Initiate of Gozag.
             Succumbed to a green death's poison arrow
             ... while paralysed by a great orb of eyes
             ... on level 2 of the Abyss.
             The game lasted 00:33:42 (12227 turns).

BinkBink the Basher (Minotaur Fighter)             Turns: 12227, Time: 00:33:42

Health: 0/95       AC: 20    Str: 22    XL:     11   Next: 23%
Magic:  6/10       EV:  2    Int:  5    God:    Gozag
Gold:   1040       SH:  0    Dex: 18    Spells: 10/10 levels left

rFire   . . .      SeeInvis .   h - +3 great mace (drain)
rCold   . . .      Faith    .   (shield currently unavailable)
rNeg    . . .      Spirit   .   e - +0 plate armour
rPois   .          Reflect  .   (helmet restricted)
rElec   .          Harm     .   B - scarf {+Inv}
rCorr   .          Rampage  .   x - +2 pair of gloves
Will    .....                   (no boots)
Stlth   ..........              (no amulet)
HPRegen 0.25/turn               m - +4 ring of evasion
MPRegen 0.12/turn               r - +6 ring of dexterity

@: confused, paralysed, lethally poisoned (0 -> -14)
A: horns 2, retaliatory headbutt, talons 1, iridescent scales 1, screaming 1
a: Renounce Religion, Evoke Invisibility, Potion Petition, Call Merchant, Bribe
Branch


You were on level 2 of the Abyss.
You worshipped Gozag.
Gozag was most pleased with you.
You visited 2 branches of the dungeon, and saw 11 of its levels.
You visited the Abyss 2 times.

You collected 1182 gold pieces.
You paid 142 gold pieces to Gozag.

Inventory:

Hand Weapons
 a - a +0 flail
 h - a +3 great mace of draining (weapon)
 i - a +4 halberd of flaming
 y - a +1 long sword of holy wrath
 D - a +0 flail of holy wrath
Armour
 c - a +0 buckler
 e - a +0 plate armour (worn)
 x - a +2 pair of gloves (worn)
 B - a scarf of invisibility (worn)
Jewellery
 m - a +4 ring of evasion (left hand)
 r - a +6 ring of dexterity (right hand)
Wands
 l - a wand of flame (15)
 w - a wand of acid (14)
 z - a wand of mindburst (12)
 A - a wand of iceblast (8)
Scrolls
 b - 2 scrolls of teleportation
 g - 2 scrolls of immolation
 j - 3 scrolls of magic mapping
 p - a scroll of blinking {unknown}
 s - a scroll of holy word {unknown}
 u - 2 scrolls of vulnerability
 E - a scroll of amnesia
 H - a scroll of noise {unknown}
Potions
 f - a potion of attraction
 k - 3 potions of degeneration
 n - a potion of flight {unknown}
 o - 2 potions of mutation
 q - a potion of resistance
 t - a potion of cancellation {unknown}
 v - a potion of curing
 G - a potion of brilliance {unknown}
Miscellaneous
 F - a condenser vane


   Skills:
 + Level 8.6 Fighting
 * Level 14.0 Maces & Flails
 + Level 11.9 Armour
 + Level 0.8 Dodging
 - Level 2.0 Stealth
 - Level 8.0 Shields


You had 10 spell levels left.
You didn't know any spells.
Your spell library contained the following spells:

 Spells                   Type           Power      Damage    Failure   Level
 Pain                     Necr           0%         1d4       99%         1
 Ensorcelled Hibernation  Hex/Ice        0%         N/A       100%        2
 Ozocubu's Armour         Ice            0%         N/A       100%        3
 Tukima's Dance           Hex            0%         N/A       100%        3
 Summon Ice Beast         Ice/Summ       0%         N/A       100%        4
 Agony                    Necr           0%         N/A       100%        5
 Excruciating Wounds      Necr           0%         N/A       100%        5
 Summon Mana Viper        Hex/Summ       0%         N/A       100%        5
 Monstrous Menagerie      Summ           0%         N/A       100%        7
 Ozocubu's Refrigeration  Ice            0%         4d5       100%        7


Dungeon Overview and Level Annotations

Branches:
Dungeon (10/15)            Temple (1/1) D:7            Lair (0/6) D:9
    Orc: D:9-12

Altars:
Ashenzari
Cheibriados
Dithmenos
Elyvilon
Fedhas
Gozag
Hepliaklqana
Kikubaaqudgha
Makhleb
Nemelex Xobeh
Okawaru
Qazlal
Ru
Sif Muna
Trog
Uskayaw
Vehumet
Wu Jian
Xom
Yredelemnul
Zin
The Shining One

Shops:
D:4 (:=([   D:7 [

Annotations:
D:4 2 transporters, paps's ghost, novice OpDe
D:10 Sonja


Innate Abilities, Weirdness & Mutations

You have a pair of horns on your head.
You reflexively headbutt those who attack you in melee.
You have sharp toenails.
You are partially covered in iridescent scales. (AC +2)
You occasionally shout uncontrollably at your foes.


Message History

The great orb of eyes gazes at you.
You are confused.
Found a scroll of amnesia.
You bump into the stone wall.
You bump into the stone wall.
You feel less confused.
A small abomination comes into view.
The great orb of eyes gazes at you.
You feel your power leaking away.
A necromancer comes into view. It is wielding a +0 dagger.
You yell at the necromancer!
You hear a roar!
You hear a bark!
You hear a roar!
You hear a shout!
The necromancer casts a spell at you.
Your body is wracked with pain!
* * * LOW HITPOINT WARNING * * *
The great orb of eyes gazes at you.
You are confused.
A thrashing horror comes into view.
The thrashing horror closely misses you.
The thrashing horror tramples you but does no damage.
You bump into the metal wall.
The thrashing horror roars!
You hear a roar!
The thrashing horror barely misses you.
The thrashing horror tramples you but does no damage.
The thrashing horror barely misses you. The thrashing horror tramples you.
* * * LOW HITPOINT WARNING * * *
You hold your ground!
A green death comes into view.
Found a triangular amethyst amulet.
The thrashing horror tramples you.
* * * LOW HITPOINT WARNING * * *
You are shoved backwards!
A raiju comes into view.
The green death gestures at you. The poison arrow hits you!
You are poisoned.
* * * LOW HITPOINT WARNING * * *
The great orb of eyes gazes at you.
You suddenly lose the ability to move!
You die...
Your body crumbles into a pile of gold.

.. # .#. .
###..#..
h..#...#
###.......
#.#.p.#
.......#..#
....####.X##
.##.. ##.@.#
#.........#
..##.####.G#
#..
#.#2#.##...
######..#..#.#
#...##.#...#
#. .. . #.# #
###....### #..
#.. .


You could see a green death, a great orb of eyes, a thrashing horror, a
necromancer and a raiju (wandering).

Vanquished Creatures
  A great orb of eyes (Abyss:2)
  Erica (D:8)
  A two-headed ogre (D:9)
  Psyche (D:10)
  3 trolls
  A hornet (D:8)
  2 wraiths
  A shadow (D:9)
  A wyvern (D:9)
  9 yaks
  3 steam dragons
  3 wargs (D:9)
  4 water moccasins
  3 ice beasts
  3 orc warriors
  4 ogres
  7 centaurs
  A phantom (D:6)
  2 kobold brigands
  A bullfrog (D:8)
  2 wyvern zombies
  3 scorpions
  6 killer bees
  3 howler monkeys
  A bullfrog zombie (D:5)
  3 centaur zombies
  2 hounds
  2 gnoll shamans
  7 orc priests
  A bullfrog skeleton (D:6)
  4 jellies
  2 centaur skeletons (D:7)
  Jessica (D:2)
  6 orc wizards
  2 iguanas
  A killer bee zombie (D:6)
  A hound skeleton (D:5)
  A howler monkey zombie (D:5)
  Robin (D:2)
  8 gnolls
  A howler monkey skeleton (D:6)
  4 adders
  An ufetubus (D:5)
  2 dart slugs
  33 orcs
  4 bats
  3 endoplasms
  2 giant cockroaches
  20 goblins
  10 hobgoblins
  5 jackals
  4 quokkas
  9 ball pythons
  A frilled lizard (D:1)
  14 kobolds
  A rat (D:1)
223 creatures vanquished.

Notes
Turn   | Place    | Note
-------+----------+-------------------------------------------
     0 | D:1      | BinkBink the Minotaur Fighter began the quest for the Orb.
     0 | D:1      | Reached XP level 1. HP: 19/19 MP: 0/0
   112 | D:1      | Reached XP level 2. HP: 27/27 MP: 1/1
   350 | D:1      | Reached XP level 3. HP: 31/33 MP: 2/2
   412 | D:1      | Found a faded altar of an unknown god.
   756 | D:2      | Reached skill level 3 in Maces & Flails
   852 | D:2      | Noticed Robin
   877 | D:2      | Killed Robin
  1123 | D:2      | Noticed Jessica
  1126 | D:2      | Killed Jessica
  1127 | D:2      | Reached skill level 4 in Maces & Flails
  1127 | D:2      | Reached XP level 4. HP: 31/40 MP: 3/3
  1436 | D:2      | Found a bloodstained altar of Trog.
  1939 | D:3      | Reached XP level 5. HP: 34/46 MP: 4/4
  2265 | D:3      | Reached skill level 5 in Maces & Flails
  2735 | D:4      | Reached skill level 5 in Armour
  3002 | D:4      | Reached XP level 6. HP: 47/53 MP: 5/5
  3045 | D:4      | Found Uxtielur's Weapon Emporium.
  3098 | D:4      | Found Vumm's Book Shoppe.
  3156 | D:4      | Found a transporter.
  3157 | D:4      | Noticed paps's ghost (novice OpDe)
  3162 | D:4      | Found a transporter.
  3233 | D:4      | Found Faceulaj's Armour Shoppe.
  3238 | D:4      | Found Aliasus's Antique Weapon Boutique.
  3360 | D:4      | Found Cuov's Jewellery Shoppe.
  3712 | D:5      | Entered Level 5 of the Dungeon
  3914 | D:5      | Gained mutation: You have large cloven feet. [potion of
                  | mutation]
  3914 | D:5      | Gained mutation: Potions are less effective at restoring
                  | your health. [potion of mutation]
  3924 | D:5      | Reached skill level 6 in Maces & Flails
  4342 | D:5      | Noticed an ice beast
  4456 | D:4      | Reached XP level 7. HP: 57/60 MP: 6/6
  4669 | D:5      | Reached skill level 5 in Fighting
  4669 | D:5      | Reached skill level 7 in Maces & Flails
  4926 | D:5      | Lost mutation: You have large cloven feet. [potion of
                  | mutation]
  4926 | D:5      | Lost mutation: Potions are less effective at restoring your
                  | health. [potion of mutation]
  4926 | D:5      | Gained mutation: You are partially covered in iridescent
                  | scales. (AC +2) [potion of mutation]
  4926 | D:5      | Gained mutation: You occasionally shout uncontrollably at
                  | your foes. [potion of mutation]
  4926 | D:5      | Gained mutation: You have sharp toenails. [potion of
                  | mutation]
  5315 | D:6      | Reached XP level 8. HP: 58/68 MP: 7/7
  5485 | D:6      | Reached skill level 8 in Maces & Flails
  5503 | D:6      | Reached skill level 5 in Shields
  5685 | D:6      | Reached skill level 9 in Maces & Flails
  6055 | D:7      | Found Tatt's Antique Armour Boutique.
  6128 | D:7      | Noticed a troll
  6166 | D:7      | Killed a troll
  6167 | D:7      | Reached skill level 10 in Maces & Flails
  6172 | D:7      | Reached XP level 9. HP: 63/75 MP: 8/8
  6258 | D:7      | Reached skill level 11 in Maces & Flails
  6840 | D:7      | Found a staircase to the Ecumenical Temple.
  6847 | Temple   | Entered the Ecumenical Temple
  7034 | Temple   | Became a worshipper of Gozag Ym Sagoz the Greedy
  7449 | D:8      | Noticed Erica
  7951 | D:8      | Reached skill level 10 in Armour
  7951 | D:8      | Reached skill level 1 in Stealth
  8303 | D:8      | Found a shimmering blue altar of Sif Muna.
  8985 | D:8      | Reached XP level 10. HP: 86/86 MP: 9/9
  8991 | D:8      | Reached skill level 12 in Maces & Flails
  8995 | D:8      | Killed Erica
  9584 | D:9      | Found a staircase to the Lair.
  9783 | D:9      | Reached skill level 13 in Maces & Flails
 10493 | D:10     | Entered Level 10 of the Dungeon
 10505 | D:10     | Noticed Sonja
 10512 | D:10     | Cast into level 1 of the Abyss (Sonja)
 10515 | D:10     | Escaped the Abyss
 10774 | D:10     | Noticed a two-headed ogre
 10781 | D:9      | Killed a two-headed ogre
 11248 | D:7      | Identified a scroll of acquirement
 11249 | D:7      | Acquired a +1 great mace of draining
 11381 | D:10     | Noticed Psyche
 11386 | D:10     | Killed Psyche
 11387 | D:10     | Reached XP level 11. HP: 80/95 MP: 10/10
 12096 | D:10     | Cast into level 2 of the Abyss (Sonja)
 12107 | Abyss:2  | Noticed a great orb of eyes
 12118 | Abyss:2  | Killed a great orb of eyes
 12119 | Abyss:2  | Reached skill level 14 in Maces & Flails
 12172 | Abyss:2  | Noticed a great orb of eyes
 12222 | Abyss:2  | Noticed a necromancer
 12224 | Abyss:2  | Noticed a thrashing horror
 12225 | Abyss:2  | Noticed a green death
 12226 | Abyss:2  | HP: 4/95 [green death/poison arrow (16)]
 12226 | Abyss:2  | Paralysed by a great orb of eyes for 3 turns
 12227 | Abyss:2  | Succumbed to a green death's poison arrow

Illustrated notes

Levels and vault maps discovered:
D:1:      onia_arrival_pentagram, layout_basic,
          hellmonk_ecumenical_altar_inner_sanctum
D:2:      layout_loops_ring, minmay_hexomino_r4, uniq_jessica, uniq_robin
D:3:      layout_loops_ring, hangedman_decor_push
D:4:      layout_layer_cave, gammafunk_ghost_mausoleum, serial_shops,
          shop_fountains, nicolae_stop_n_shop_1, shop, shop_coins,
          nicolae_shop_crystal
D:5:      layout_basic
D:6:      layout_basic
D:7:      layout_loops_cross, minmay_temple_entry_tees, serial_shops,
          nicolae_shop_overgrown_old_shop, minmay_alternating_orb
D:8:      layout_layer_cave, mainiacjoe_overflow_alcove_1,
          corexii_hall_statues_i, uniq_erica
D:9:      layout_loops_ring, erik_lair_orcish_takeover, serial_co_window_serial,
          co_window_corner_a, co_window_paths_a, co_window_corner_a,
          co_window_paths_a, co_window_paths_a, co_window_broadway_a,
          co_window_corner_b, co_window_broadway_a, glass_columns_a,
          glass_columns_b, minmay_misc_feat_doors
D:10:     layout_long_grid, uniq_sonja, uniq_psyche
Temple:   kilobyte_greek_temple
Abyss:2:  base: D:7, hangedman_abyss_sting

Skill      XL: |  1  2  3  4  5  6  7  8  9 10 11 |
---------------+----------------------------------+-----
Fighting       | 4 5 7 8 |  8.6
Armour         | 4 5 6 7 8 10 11 | 11.9
Shields        | 4 5 6 8 |  8.0
Maces & Flails | 4 5 6 7 10 11 13 14 | 14.0
Stealth        | 1 2 |  2.0
Dodging        | |  0.8

Action                   |  1- 3 |  4- 6 |  7- 9 | 10-12 || total
-------------------------+-------+-------+-------+-------++-------
Melee: Flail             |    94 |   152 |   230 |   125 ||   601
       Headbutt          |     8 |    28 |    61 |    44 ||   141
       Kick              |       |     9 |   100 |    68 ||   177
       Great mace        |       |       |       |    37 ||    37
  Use: Potion            |       |     2 |     6 |     2 ||    10
       Scroll            |       |       |       |    13 ||    13
 Stab: Invisible         |       |       |     2 |       ||     2
       Distracted        |       |       |       |     1 ||     1
Armor: Plate armour      |    58 |    80 |   101 |    78 ||   317
       Skin              |       |       |     5 |       ||     5
Dodge: Dodged            |    30 |    79 |    84 |    81 ||   274
Block: Buckler           |    23 |    25 |    55 |    31 ||   134

Table legend: (Time is in decaauts)
 A = Elapsed time spent in this place.
 B = Non-inter-level travel time spent in this place.
 C = Inter-level travel time spent in this place.
 D = Time resting spent in this place.
 E = Time spent auto-exploring this place.
 F = Levels seen in this place.
 G = Mean time per level.
                   A        B        C        D        E       F      G
               +--------+--------+--------+--------+--------+-----+--------+
         Total |  12294 |  11346 |    948 |      0 |   9342 |  13 |  945.7 |
       Dungeon |  11927 |  11039 |    888 |      0 |   9162 |  10 | 1192.7 |
        Temple |    224 |    164 |     60 |      0 |    150 |   1 |  224.0 |
         Abyss |    142 |    142 |      0 |      0 |     30 |   2 |   71.0 |
               +--------+--------+--------+--------+--------+-----+--------+

Top non-repeatable levels by time:
     D:7: 1688 daAuts
     D:9: 1632 daAuts
     D:8: 1468 daAuts
     D:2: 1150 daAuts
     D:6: 1125 daAuts
     D:4: 1117 daAuts
     D:5: 1077 daAuts
     D:3: 1065 daAuts
    D:10: 860 daAuts
     D:1: 740 daAuts
  Temple: 224 daAuts
 Abyss:2: 138 daAuts
 Abyss:1: 4 daAuts
